 Dungeon Crawl Stone Soup version 0.25-a0-647-gd602d06ee1 (webtiles) character file.

Game seed: 9788007892047273790, levelgen mode: deterministic

8 MackTheKnife the Sneak (level 2, -1/19 HPs)
             Began as a Demonspawn Wanderer on Mar 21, 2020.
             Slain by a hobgoblin
             ... wielding a +0 club
              (4 damage)
             ... on level 1 of the Dungeon.
             The game lasted 00:00:52 (329 turns).

MackTheKnife the Sneak (Demonspawn Wanderer)         Turns: 329, Time: 00:00:52

Health: -1/19      AC:  4    Str: 10    XL:     2   Next: 0%
Magic:  2/2        EV: 12    Int: 14    God:
Gold:   34         SH:  0    Dex: 13    Spells: 0/1 levels left

rFire    . . .     SeeInvis .   b - +1 whip (freeze)
rCold    . . .     Gourm    .   (no shield)
rNeg     . . .     Faith    .   e - +0 robe
rPois    .         Spirit   .   (no helmet)
rElec    .         Reflect  .   (no cloak)
rCorr    .         Harm     .   (no gloves)
MR       .....                  (no boots)
Stlth    ++........             (no amulet)
HPRegen  0.06/turn              (no ring)
MPRegen  0.08/turn              (no ring)

@: no status effects
A: molten scales 1
a: no special abilities


You were on level 1 of the Dungeon.
You were not hungry.

You visited 1 branch of the dungeon, and saw 1 of its levels.

You collected 34 gold pieces.

Inventory:

Hand Weapons
 a - a +2 spear
 b - a +1 whip of freezing (weapon)
   (You took it off a kobold on level 1 of the Dungeon)
Missiles
 c - 12 poisoned darts
Armour
 e - a +0 robe (worn)
Scrolls
 d - a scroll of enchant weapon {unknown}
Comestibles
 f - a ration


   Skills:
 + Level 0.1 Maces & Flails
 - Level 1.9 Polearms
 - Level 1.0 Throwing
 - Level 1.7 Dodging
 - Level 2.6 Stealth
   Level 2.0 Conjurations
   Level 1.0 Transmutations


You couldn't memorise any spells.
You knew the following spells:

 Your Spells              Type           Power        Failure   Level  Hunger
A - Animate Skeleton      Necr           N/A          28%         1    ##.....

Your spell library contained the following spells:

 Spells                   Type           Power        Failure   Level  Hunger
 Vampiric Draining        Necr           #.........   65%         3    ####...


Dungeon Overview and Level Annotations

Branches:
Dungeon (1/15)

Altars:


Innate Abilities, Weirdness & Mutations

You are partially covered in molten scales. (AC +2)


Message History

A rat is nearby!
A rat is nearby!
You hit the rat but do no damage. The rat barely misses you.
You closely miss the rat. The rat bites you.
You take 1 damage, and have 12/13 hp.
You barely miss the rat. The rat closely misses you.
You hit the rat.
You kill the rat!
A kobold comes into view. It is wielding a +0 dagger.
A kobold is nearby!
A kobold is nearby!
The kobold shouts!
Attack whom?
Aim: a kobold, wielding a +0 dagger You reach to attack!
You hit the kobold. You hit the kobold.
You kill the kobold!
Health restored: 13
There is a stone staircase leading down here.
You see here a rat corpse.
A kobold comes into view.
The kobold shouts!
The kobold throws a stone.
The stone hits you.
You see here a stone.
You take 2 damage, and have 11/13 hp.
A kobold is nearby!
The kobold throws a stone.
The stone hits you.
A kobold is nearby!
The kobold throws a stone.
The stone completely misses you.
A kobold is nearby!
You take 2 damage, and have 9/13 hp.
Attack whom?
Aim: a kobold You reach to attack!
You hit the kobold. You barely miss the kobold. The kobold closely misses you.
A kobold is nearby!
You hit the kobold.
You kill the kobold!
As you open the door, it creaks loudly!
You hear a shout!
There is an open door here.
A kobold comes into view. It is wielding a +1 whip of freezing.
Attack whom?
Aim: a kobold, wielding a +1 whip of freezing You reach to attack!
You puncture the kobold!
You kill the kobold!
No target in view!
b - a +1 whip of freezing You see here a kobold corpse.
No target in view!
You now have 34 gold pieces (gained 14).
d - a scroll labeled XAMALA ZUYXE No target in view!
No target in view!
Your +1 whip of freezing glows with a cold blue light!
b - a +1 whip of freezing (weapon)
A rat comes into view.
A rat is nearby!
A rat is nearby!
A rat is nearby!
The rat twitches its whiskers.
The rat barely misses you.
A rat is nearby!
You hit the rat. You freeze the rat.
You kill the rat!
You have reached level 2!
Your demonic ancestry asserts itself...
Molten scales grow over part of your body.
A giant cockroach and 2 kobolds come into view.
You regained 5 hp, and now have 16/19 hp.
MP restored: 2 The kobold shouts!
The kobold shouts!
You hear a shout!
A kobold comes into view. It is wielding a +0 dagger.
The kobold hits you but does no damage.
You closely miss the kobold. The kobold hits you with a +0 whip!
You take 7 damage, and have 9/19 hp.
MASSIVE DAMAGE!!
You are too injured to fight recklessly!
You are too injured to fight recklessly!
You are too injured to fight recklessly!
You are too injured to fight recklessly!
You barely miss the kobold. The kobold hits you but does no damage.
You barely miss the kobold. The kobold hits you but does no damage.
The kobold hits you.
You take 3 damage, and have 7/19 hp.
The kobold hits you but does no damage.
A goblin comes into view.
The goblin shouts!
The kobold hits you.
* * * LOW HITPOINT WARNING * * *
Found a stone staircase leading down.
You take 2 damage, and have 5/19 hp.
A hobgoblin comes into view. It is wielding a +0 club.
The hobgoblin hits you with a +0 club.
* * * LOW HITPOINT WARNING * * *
You take 2 damage, and have 3/19 hp.
You barely miss the hobgoblin. The goblin closely misses you.
The hobgoblin hits you but does no damage.
You barely miss the hobgoblin. The goblin misses you.
The hobgoblin hits you with a +0 club.
You die...

#.......#.#.#########.##
#.......#.#.# #.##
#.#..##.#.#.# ####.##
#.#....K#.#.# #......
#.#.....#...## #......
#...K...#..(.# #......
####..##.#....# #......
#....K####....## ##.....
#....KKg@g...... .(.....
#....######..###
######## #.... # #....
##... ###### .... ......
##... ######## #.......
.#######


You could see a hobgoblin, a goblin and 3 kobolds.

Vanquished Creatures
  A hobgoblin (D:1)
  4 kobolds (D:1)
  4 rats (D:1)
9 creatures vanquished.

Notes
Turn   | Place    | Note
-------+----------+-------------------------------------------
     0 | D:1      | MackTheKnife the Demonspawn Wanderer began the quest for
                  | the Orb.
     0 | D:1      | MackTheKnife set off with the following items: a +2 spear,
                  | 12 poisoned darts, a +0 dagger, a +0 robe, a ration; and
                  | the following spell memorised: Animate Skeleton; and the
                  | following spells available to memorise: Vampiric Draining
     0 | D:1      | Reached XP level 1. HP: 13/13 MP: 1/1
   304 | D:1      | Gained mutation: You are partially covered in molten
                  | scales. (AC +2) [demonic ancestry]
   304 | D:1      | Reached XP level 2. HP: 16/19 MP: 2/2
   327 | D:1      | HP: 3/19 [hobgoblin/+0 club (2)]
   329 | D:1      | Slain by a hobgoblin

Levels and vault maps discovered:
D:1:      evilmike_arrival_rings, layout_basic

Action                   || total
-------------------------++-------
Melee: Spear             ||    20
       Whip              ||     6
 Stab: Sleeping          ||     1
Armor: Robe              ||     3
Dodge: Dodged            ||     9

Table legend:
 A = Non-vault XP
 B = Vault XP
 C = Vault XP percentage of total XP
 D = Non-vault monster count
 E = Vault monster count
 F = Vault count percentage of total count
                 A         B        C        D         E       F
            +---------+---------+-------+---------+---------+-------
      Total |      12 |       0 |   0.0 |       9 |       0 |   0.0
            +---------+---------+-------+---------+---------+-------
        D:1 |      12 |       0 |   0.0 |       9 |       0 |   0.0
            +---------+---------+-------+---------+---------+-------

Levels and vault maps discovered:
D:1:      evilmike_arrival_rings, layout_basic

Table legend:
 A = Turns spent in this place as a percentage of turns spent in the entire game.
 B = Non-inter-level travel turns spent in this place as a percentage of non-inter-level travel turns spent in the entire game.
 C = Inter-level travel turns spent in this place as a percentage of turns spent in this place.
 D = Turns resting spent in this place as a percentage of non-inter-level travel turns spent in this place.
 E = Turns spent auto-exploring this place as a percentage of non-inter-level travel turns spent in this place.
 F = Non-inter-level travel turns spent in this place divided by the number of levels of this place that you've seen.
                   A       B       C       D       E      F
               +-------+-------+-------+-------+-------+----------------------
         Total | 100.0 | 100.0 |   0.0 |   0.0 |  77.5 | 329.0
       Dungeon | 100.0 | 100.0 |   0.0 |   0.0 |  77.5 | 329.0
               +-------+-------+-------+-------+-------+----------------------

Table legend:
 A = Kills in this place as a percentage of kills in entire the game.
 B = Kills by you in this place as a percentage of kills by you in the entire game.
 C = Kills by friends in this place as a percentage of kills by friends in the entire game.
 D = Other kills in this place as a percentage of other kills in the entire game.
 E = Experience gained in this place as a percentage of experience gained in the entire game.
 F = Experience gained in this place divided by the number of levels of this place that you have seen.
                   A       B       C       D       E      F
               +-------+-------+-------+-------+-------+----------------------
         Total | 100.0 | 100.0 |   N/A |   N/A | 100.0 |  12.0
       Dungeon | 100.0 | 100.0 |   N/A |   N/A | 100.0 |  12.0
               +-------+-------+-------+-------+-------+----------------------
